 Dungeon Crawl Stone Soup version 0.30.0-18-gf1372a6a44 (webtiles) character file.

Game seed: 12340774260244602635

176 qw the Chopper (level 5, 0/32 HPs)
             Began as a Gargoyle Fighter on May 21, 2023.
             Slain by Dowan
             ... wielding a +0 dagger
              (4 damage)
             ... on level 4 of the Dungeon.
             The game lasted 00:01:07 (2985 turns).

qw the Chopper (Gargoyle Fighter)                   Turns: 2985, Time: 00:01:07

Health: 0/32       AC: 14    Str: 22      XL:     5   Next: 56%
Magic:  5/5        EV:  9    Int:  5 (8)  God:
Gold:   187        SH:  4    Dex:  9      Spells: 4/4 levels left

rFire   . . .        Y - +0 war axe
rCold   . . .        c - +0 buckler
rNeg    + . .        b - +0 scale mail
rPois   inf          k - +0 helmet
rElec   +            (no cloak)
rCorr   .            g - +1 pair of gloves
SInv    .            (no boots)
Will    .....        (no amulet) Stlth
                     (no ring)
HPRegen 0.25/turn    (no ring)
MPRegen 0.09/turn

%: no passive effects
@: no status effects
A: sickness immunity, AC +4, negative energy resistance 1, electricity
resistance, torment resistance 1, petrification resistance
a: no special abilities


You were on level 4 of the Dungeon.
You visited 1 branch of the dungeon, and saw 4 of its levels.

You collected 187 gold pieces.


Innate Abilities, Weirdness & Mutations

You are immune to sickness and miasma.
Your stone body is resilient. (AC +4)
You are immune to poison.
You resist negative energy. (rN+)
You are resistant to electric shocks. (rElec)
You are resistant to unholy torment.
You are immune to petrification.


   Skills:
 + Level 3.4 Fighting
 - Level 5.0 Axes
 - Level 3.2 Armour
 - Level 3.2 Shields


You had 4 spell levels left.
You didn't know any spells.
Your spell library was empty.

Inventory:

Hand Weapons
 f - a +0 whip
 Y - a +0 war axe (weapon)
Armour
 b - a +0 scale mail (worn)
 c - a +0 buckler (worn)
 g - a +1 pair of gloves (worn)
 k - a +0 helmet (worn)
Scrolls
 l - a scroll of identify
Potions
 a - a potion of attraction {unknown}
 d - 2 potions of might
 e - 3 potions of curing
 h - a potion of flight {unknown}
 i - a potion of resistance {unknown}
 j - a potion of magic {unknown}
 n - a potion of haste {unknown}
 o - a potion of brilliance {unknown}

Dungeon Overview and Level Annotations

Branches:
Dungeon (4/15)
 Temple: D:4-7

Altars:
Cheibriados
Qazlal

Annotations:
D:4 Dowan, Duvessa


Message History

Found a book of Callings.
Dowan, Brother of Duvessa comes into view.
He is wielding a +0 dagger.
2973 ||| Stepping ~*~*~tactically~*~*~ (stealth).
Duvessa, Sister of Dowan comes into view.
She is wielding a +0 short sword.
Duvessa shouts!
Dowan casts a spell at you.
The puff of flame hits you but does no damage.
You closely miss Dowan. Dowan hits you with a +0 dagger.
You hit Duvessa.
Duvessa is lightly wounded.
You hit Dowan. Duvessa hits you with a +0 short sword!
Dowan casts a spell.
Dowan blinks!
You barely miss Duvessa.
Duvessa is lightly wounded.
Duvessa hits you with a +0 short sword.
You hit Duvessa.
Duvessa is moderately wounded.
Duvessa hits you with a +0 short sword!
Dowan mumbles some strange words.
Dowan blinks!
You barely miss Duvessa.
Duvessa is moderately wounded.
Duvessa barely misses you.
You barely miss Duvessa.
Duvessa is moderately wounded.
You closely miss Dowan. Duvessa hits you but does no damage.
Dowan hits you but does no damage. You block Dowan's attack.
Duvessa hits you but does no damage.
You hit Duvessa but do no damage.
Duvessa is moderately wounded.
You hit Dowan but do no damage. You block Duvessa's attack.
Dowan closely misses you.
You hit Duvessa but do no damage.
Duvessa is moderately wounded.
You hit Dowan. Duvessa hits you with a +0 short sword!
Dowan hits you with a +0 dagger.
You die...

########## ##...##...##
#### ##..........##
#...##.
#............###.......
#............##..:.....
##..............@e......
# #..<.......###e.......
####........#####.......
.....####.....# .....#.
./..%## #####.# .......
......#######... ...####
......%............##
#..#..######.......#
#.....# ......#


You could see Duvessa and Dowan.

Vanquished Creatures
  A scorpion (D:4)
  An iguana (D:4)
  2 gnolls (D:1)
  An adder (D:2)
  A worm (D:2)
  A dart slug (D:4)
  4 orcs (D:4)
  3 bats
  4 endoplasms
  A giant cockroach (D:2)
  5 goblins
  6 hobgoblins
  3 jackals (D:4)
  5 kobolds
  4 quokkas
  3 ball pythons
  2 frilled lizards
  5 rats
52 creatures vanquished.

Notes
Turn   | Place    | Note
-------+----------+-------------------------------------------
     0 | D:1      | qw the Gargoyle Fighter began the quest for the Orb.
     0 | D:1      | Reached XP level 1. HP: 14/14 MP: 1/1
     0 | D:1      | 0 ||| qw: Version: 0.2-a-98-g16b38d9
     0 | D:1      | 0 ||| qw: Game counter: 5
     0 | D:1      | 0 ||| qw: Always use a shield: true
     0 | D:1      | 0 ||| qw: God list: Okawaru
     0 | D:1      | 0 ||| qw: Allow faded altars: false
     0 | D:1      | 0 ||| qw: Do Orc after D:15 true
     0 | D:1      | 0 ||| qw: Do second Lair branch before Depths: true
     0 | D:1      | 0 ||| qw: Lair rune preference: random
     0 | D:1      | 0 ||| qw: Plans: Normal, Zot:1-4, God:TSO, Crypt, Tomb,
                  | Pan, Slime:5, Hells, Abyss, Win
     0 | D:1      | 0 ||| PLANNING D:1-11
    48 | D:1      | Reached skill level 2 in Axes
    82 | D:1      | Reached XP level 2. HP: 7/19 MP: 2/2
   338 | D:1      | Reached skill level 3 in Axes
   338 | D:1      | Reached XP level 3. HP: 17/23 MP: 3/3
   612 | D:1      | 612 ||| Stepping ~*~*~tactically~*~*~ (hiding).
   910 | D:1      | 910 ||| UPGRADING to +1 pair of gloves.
   915 | D:1      | 915 ||| DROPPING ring of flight.
   916 | D:1      | 916 ||| DRINKING 2 brown potions.
   917 | D:1      | 917 ||| DRINKING 2 murky red potions.
  1022 | D:1      | 1022 ||| DROPPING potion of degeneration.
  1023 | D:1      | 1023 ||| DROPPING potion of berserk rage.
  1065 | D:2      | 1065 ||| Stepping ~*~*~tactically~*~*~ (stealth).
  1213 | D:2      | 1213 ||| Stepping ~*~*~tactically~*~*~ (stealth).
  1214 | D:2      | 1214 ||| Stepping ~*~*~tactically~*~*~ (stealth).
  1216 | D:2      | 1216 ||| Stepping ~*~*~tactically~*~*~ (stealth).
  1231 | D:2      | Found a snail-covered altar of Cheibriados.
  1446 | D:2      | Reached XP level 4. HP: 27/28 MP: 4/4
  1801 | D:2      | 1801 ||| DROPPING scarf of harm.
  1802 | D:2      | 1802 ||| READING scroll labelled YHYWU IPLANIO.
  1839 | D:3      | Found a stormy altar of Qazlal.
  2257 | D:3      | 2257 ||| Stepping ~*~*~tactically~*~*~ (hiding).
  2264 | D:3      | Reached skill level 4 in Axes
  2701 | D:3      | 2701 ||| UPGRADING to +0 helmet.
  2706 | D:3      | 2706 ||| READING 2 scrolls labelled OLLECH ZAFRUTY.
  2707 | D:3      | 2707 ||| READING scroll labelled AWNAONICWA.
  2708 | D:3      | 2708 ||| READING scroll labelled HEIT UT DO WOSCH.
  2709 | D:3      | 2709 ||| DRINKING 3 sedimented white potions.
  2788 | D:4      | Noticed a scorpion
  2805 | D:4      | Killed a scorpion
  2806 | D:4      | Reached XP level 5. HP: 32/32 MP: 5/5
  2822 | D:4      | 2822 ||| Stepping ~*~*~tactically~*~*~ (stealth).
  2873 | D:4      | Reached skill level 5 in Axes
  2911 | D:4      | 2911 ||| Stepping ~*~*~tactically~*~*~ (stealth).
  2913 | D:4      | 2913 ||| Stepping ~*~*~tactically~*~*~ (stealth).
  2914 | D:4      | 2914 ||| Stepping ~*~*~tactically~*~*~ (stealth).
  2936 | D:4      | 2936 ||| Stepping ~*~*~tactically~*~*~ (hiding).
  2938 | D:4      | 2938 ||| Stepping ~*~*~tactically~*~*~ (hiding).
  2962 | D:4      | 2962 ||| Stepping ~*~*~tactically~*~*~ (stealth).
  2963 | D:4      | 2963 ||| Stepping ~*~*~tactically~*~*~ (stealth).
  2972 | D:4      | Noticed Dowan
  2973 | D:4      | 2973 ||| Stepping ~*~*~tactically~*~*~ (stealth).
  2975 | D:4      | Noticed Duvessa
  2985 | D:4      | HP: 4/32 [Duvessa/+0 short sword (8)]
  2985 | D:4      | Slain by Dowan

Levels and vault maps discovered:
D:1:      heliophobic_arrival_ceremonial_halls, layout_loops_ring
D:2:      layout_basic, basic_altar
D:3:      layout_loops_corners, grunt_qazlal_clouds
D:4:      layout_rooms, grunt_ministairs_11, hangedman_decor_push,
          minmay_mini_ossuary, uniq_duvessa

Skill      XL: |  1  2  3  4  5 |
---------------+----------------+-----
Axes           | 2 3 4 5 |  5.0
Fighting       | |  3.4
Armour         | |  3.2
Shields        | |  3.2

Action                     |  1- 3 |  4- 6 || total
---------------------------+-------+-------++-------
  Melee: War axe           |    82 |    79 ||   161
    Use: Potion            |     2 |     1 ||     3
         Scroll            |       |     4 ||     4
 Armour: Scale mail        |    35 |    28 ||    63
  Dodge: Dodged            |    22 |    29 ||    51
  Block: Buckler           |    12 |    15 ||    27

Table legend:
 A = Non-vault XP
 B = Vault XP
 C = Vault XP percentage of total XP
 D = Non-vault monster count
 E = Vault monster count
 F = Vault count percentage of total count
                 A         B        C        D         E       F
            +---------+---------+-------+---------+---------+-------
      Total |     252 |       0 |   0.0 |      52 |       0 |   0.0
            +---------+---------+-------+---------+---------+-------
        D:1 |      51 |       0 |   0.0 |      16 |       0 |   0.0
        D:2 |      45 |       0 |   0.0 |      17 |       0 |   0.0
        D:3 |       6 |       0 |   0.0 |       4 |       0 |   0.0
        D:4 |     150 |       0 |   0.0 |      15 |       0 |   0.0
            +---------+---------+-------+---------+---------+-------
